 Dungeon Crawl Stone Soup version 0.29-a0-284-gf9362112df (webtiles) character file.

Game seed: 12481570575022567832

178 yunder69 the Chopper (level 5, -9/45 HPs)
             Began as a Minotaur Berserker on Mar 31, 2022.
             Was a Believer of Trog.
             Killed by divine providence
             ... invoked by an orc priest
              (12 damage)
             ... on level 3 of the Dungeon.
             The game lasted 00:07:11 (3341 turns).

yunder69 the Chopper (Minotaur Berserker)           Turns: 3341, Time: 00:07:12

Health: -9/45      AC:  6    Str: 23    XL:     5   Next: 32%
Magic:  4/4        EV:  6    Int:  4    God:    Trog [**....]
Gold:   67         SH: 12    Dex: 10    Spells: 4/4 levels left

rFire   + . .      SeeInvis .   b - +2 flail (holy)
rCold   . . .      Faith    .   r - +2 tower shield {rF+}
rNeg    . . .      Spirit   .   j - +0 scale mail
rPois   .          Reflect  .   (helmet restricted)
rElec   .          Harm     .   (no cloak)
rCorr   .          Rampage  .   (no gloves)
Will    .....                   (no boots)
Stlth   ..........              (no amulet)
HPRegen 0.15/turn               (no ring)
MPRegen 0.09/turn               (no ring)

@: no status effects
A: horns 2, retaliatory headbutt
a: Renounce Religion, Berserk, Trog's Hand


You were on level 3 of the Dungeon.
You worshipped Trog.
Trog was pleased with you.
You visited 1 branch of the dungeon, and saw 3 of its levels.

You collected 67 gold pieces.

Inventory:

Hand Weapons
 a - a +0 hand axe
 b - a +2 flail of holy wrath (weapon)
Armour
 j - a +0 scale mail (worn)
 r - a +2 tower shield of fire resistance (worn)
Wands
 q - a wand of iceblast (12)
Scrolls
 c - a scroll of fog {unknown}
 e - a scroll of enchant weapon {unknown}
 g - a scroll of amnesia {unknown}
 h - a scroll of magic mapping {unknown}
 k - a scroll of identify {unknown}
 l - 2 scrolls of vulnerability {unknown}
 m - 2 scrolls of fear {unknown}
Potions
 d - a potion of curing {unknown}
 f - a potion of berserk rage {unknown}
 i - a potion of attraction {unknown}
 n - a potion of heal wounds {unknown}
 o - a potion of invisibility {unknown}
 p - a potion of haste {unknown}


   Skills:
 - Level 3.6 Fighting
 - Level 6.5(6.8) Axes
 + Level 2.5(4.9) Maces & Flails
 - Level 2.4 Armour
 - Level 2.1 Dodging
 + Level 1.2 Shields


You had 4 spell levels left.
You didn't know any spells.
Your spell library was empty.

Dungeon Overview and Level Annotations

Branches:
Dungeon (3/15)

Altars:
Nemelex Xobeh
Vehumet


Innate Abilities, Weirdness & Mutations

You have a pair of horns on your head.
You reflexively headbutt those who attack you in melee.


Message History

No reachable target in view!
No reachable target in view!
The orc priest looks encouraged for a moment.
An orc priest comes into view. It is wielding a +0 short sword.
An orc priest comes into view. It is wielding a +0 short sword.
The orc priest shouts!
You hear a shout!
The orc priest invokes the aid of Beogh against you.
Beogh smites you!
An orc comes into view. It is wielding a +0 hand axe.
The orc shouts!
The orc priest mumbles some strange prayers to Beogh against you.
You barely resist.
Found a sparkling altar of Nemelex Xobeh.
The orc priest hits you from afar with a +0 trident.
The orc priest barely misses you.
You hit the orc priest.
The orc priest is moderately wounded.
The orc priest mumbles some strange prayers to Beogh against you.
You barely resist.
The orc priest hits you with a +0 short sword.
The orc priest barely misses you. You furiously retaliate!
You headbutt the orc priest, but do no damage.
The orc priest casts a cantrip, but nothing happens.
The orc priest attacks as you move away!
You block the orc priest's attack. x2
The orc priest invokes the aid of Beogh against you.
Beogh smites you!
The orc priest mumbles some strange prayers to Beogh against you.
Beogh smites you!
* * * LOW HITPOINT WARNING * * *
The orc priest calls down the wrath of Beogh upon you.
Beogh smites you!
* * * LOW HITPOINT WARNING * * *
The orc priest begins to cast a cantrip, but forgets the words!
The orc priest looks satisfied for a moment.
The orc priest miscasts a cantrip.
The orc priest miscasts a cantrip.
The orc priest mumbles some strange prayers to Beogh against you.
Beogh smites you!
You die...

#.........#..######.##.#.
#....#.##.#...# #.##...
#....#....#.#.## #.##..#
..........<#.#..####.##.##
.############.........##... ..≈.
#......).##..######## ♣
♣.≈.######.######.###.#....... .
♣.≈.#.......#...#.###..†......
_.♣.≈...........@......#........
..♣.≈..................#........
♣.♣o§!.....o...........#........
..§o≈.....o............#........
≈≈§§§........).........##.......
...§§..........#.......# +######
..############.........# #
###.......# ####.####


You could see an orc priest and an orc.

Vanquished Creatures
  A hound (D:2)
  Terence (D:3)
  4 gnolls (D:2)
  2 adders
  2 dart slugs
  7 bats
  4 endoplasms (D:2)
  2 giant cockroaches (D:1)
  7 goblins
  4 hobgoblins
  6 jackals (D:2)
  2 kobolds
  2 quokkas (D:1)
  7 ball pythons
  6 frilled lizards
  7 rats
64 creatures vanquished.

Notes
Turn   | Place    | Note
-------+----------+-------------------------------------------
     0 | D:1      | yunder69 the Minotaur Berserker began the quest for the
                  | Orb.
     0 | D:1      | Reached XP level 1. HP: 19/19 MP: 0/0
    22 | D:1      | Reached skill level 4 in Axes
   311 | D:1      | Reached XP level 2. HP: 23/26 MP: 1/1
   858 | D:1      | Reached skill level 5 in Axes
  1351 | D:1      | Reached XP level 3. HP: 31/31 MP: 2/2
  2023 | D:2      | Found a radiant altar of Vehumet.
  2102 | D:2      | Reached XP level 4. HP: 39/39 MP: 3/3
  2116 | D:2      | Reached skill level 6 in Axes
  2472 | D:2      | Reached ** piety under Trog
  2487 | D:2      | Reached skill level 1 in Maces & Flails
  2924 | D:2      | Reached XP level 5. HP: 36/45 MP: 4/4
  3272 | D:3      | Noticed Terence
  3278 | D:3      | Killed Terence
  3279 | D:3      | Reached skill level 1 in Shields
  3326 | D:3      | Found a sparkling altar of Nemelex Xobeh.
  3330 | D:3      | HP: 2/45 [orc priest/divine providence (10)]
  3341 | D:3      | Killed from afar by an orc priest

Illustrated notes

Levels and vault maps discovered:
D:1:      erik_arrival_cave_to_civilisation [erik_arrival_cave_to_temple],
          layout_basic, serial_rivers, chequers_serial_rivers_small_3,
          chequers_serial_rivers_small_3, chequers_serial_rivers_small_3,
          chequers_serial_rivers_large_a, chequers_serial_rivers_room_b
D:2:      layout_basic, basic_altar, grunt_decor_arrowhead
D:3:      cheibrodos_pilgrimage, layout_basic, mainiacjoe_overflow_brackets,
          xom_teletrap_fun, dreamdust_ecumenical_altar_sealed_demon,
          serial_shops, shop, minmay_misc_feat_square, uniq_grinder,
          uniq_crazy_yiuf_cottage, uniq_natasha, uniq_terence

Skill      XL: |  1  2  3  4  5 |
---------------+----------------+-----
Axes           | 4 5 6 |  6.5
Maces & Flails | 1 2 |  2.5
Shields        | 1 |  1.2
Fighting       | |  3.6
Armour         | |  2.4
Dodging        | |  2.1

Action                   |  1- 3 |  4- 6 || total
-------------------------+-------+-------++-------
Melee: Hand axe          |    74 |    73 ||   147
       Headbutt          |     7 |    14 ||    21
       Punch             |     1 |       ||     1
       Flail             |       |     1 ||     1
Invok: Berserk           |     1 |       ||     1
Armor: Animal skin       |    14 |       ||    14
       Scale mail        |     3 |     4 ||     7
       Ring mail         |       |    17 ||    17
Dodge: Dodged            |    58 |    41 ||    99
Block: Tower shield      |       |     9 ||     9

Table legend: (Time is in decaauts)
 A = Elapsed time spent in this place.
 B = Non-inter-level travel time spent in this place.
 C = Inter-level travel time spent in this place.
 D = Time resting spent in this place.
 E = Time spent auto-exploring this place.
 F = Levels seen in this place.
 G = Mean time per level.
                   A        B        C        D        E       F      G
               +--------+--------+--------+--------+--------+-----+--------+
         Total |   3384 |   3193 |    191 |    425 |   2274 |   3 | 1128.0 |
       Dungeon |   3384 |   3193 |    191 |    425 |   2274 |   3 | 1128.0 |
               +--------+--------+--------+--------+--------+-----+--------+

Top non-repeatable levels by time:
     D:1: 2061 daAuts
     D:2: 1033 daAuts
     D:3: 289 daAuts
